 Dungeon Crawl Stone Soup version 0.29.1-15-g9cfb28693d (webtiles) character file.

Game seed: 13647965005991775271

3602 H0rd4k the Ducker (level 10, -1/72 (74) HPs)
             Began as a Human Artificer on Apr 13, 2023.
             Was an Initiate of Gozag.
             Slain by a wight
             ... wielding a +5 battleaxe of freezing
              (10 damage)
             ... on level 8 of the Dungeon on Apr 14, 2023.
             The game lasted 00:11:15 (11497 turns).

H0rd4k the Ducker (Human Artificer)                Turns: 11497, Time: 00:11:16

HP:   -1/72 (74)    AC:  7    Str: 12    XL:     10   Next: 32%
MP:   17/17         EV: 14    Int: 17    God:    Gozag
Gold: 763           SH:  0    Dex: 13    Spells: 18/18 levels left

rFire   . . .      SeeInvis +   m - +1 dagger (venom)
rCold   . . .      Faith    .   (no shield)
rNeg    . . .      Spirit   .   x - +0 leather armour of Autumn {+Inv}
rPois   .          Reflect  .   (no helmet)
rElec   .          Harm     .   (no cloak)
rCorr   .          Rampage  .   (no gloves)
Will    .....                   (no boots)
Stlth   ++........              (no amulet)
HPRegen 0.22/turn               f - +4 ring of protection
MPRegen 0.15/turn               h - ring of see invisible

@: gold aura, lightly drained
A: no striking features
a: Renounce Religion, Evoke Invisibility, Potion Petition, Call Merchant, Bribe
Branch


You were on level 8 of the Dungeon.
You worshipped Gozag.
Gozag was pleased with you.
You visited 2 branches of the dungeon, and saw 9 of its levels.

You collected 891 gold pieces.
You paid 128 gold pieces to Gozag.

Inventory:

Hand Weapons
 m - a +1 dagger of venom (weapon)
 w - a +0 short sword of draining
 B - a +4 dagger
 F - a +0 triple sword
Missiles
 p - 16 poisoned darts (quivered)
 r - a boomerang of dispersal
Armour
 x - the +0 leather armour of Autumn (worn) {+Inv}
   (You found it on level 4 of the Dungeon)

   +Inv:      It lets you turn invisible.
Magical Staves
 o - a staff of poison
Jewellery
 f - a +4 ring of protection (left hand)
 h - a ring of see invisible (right hand)
 t - a +6 ring of intelligence
 G - a ring of positive energy
Wands
 c - a wand of flame (2)
 d - a wand of charming (5)
 e - a wand of iceblast (1)
Scrolls
 a - a scroll of blinking {unknown}
 b - a scroll of silence {unknown}
 g - 10 scrolls of identify {unknown}
 l - a scroll of teleportation {unknown}
 q - 3 scrolls of fear {unknown}
 s - 2 scrolls of noise {unknown}
 u - a scroll of amnesia {unknown}
 v - a scroll of magic mapping {unknown}
 y - a scroll of butterflies {unknown}
 A - a scroll of enchant weapon {unknown}
 D - a scroll of immolation {unknown}
 H - a scroll of enchant armour {unknown}
 J - a scroll of summoning {unknown}
Potions
 i - a potion of invisibility {unknown}
 j - a potion of degeneration {unknown}
 k - 3 potions of attraction {unknown}
 n - 2 potions of heal wounds
 z - 2 potions of might
 C - a potion of mutation {unknown}
 E - 2 potions of curing {unknown}
 I - a potion of brilliance {unknown}


   Skills:
 + Level 5.5 Fighting
 + Level 6.9 Short Blades
 + Level 1.3 Maces & Flails
 + Level 0.6 Throwing
 - Level 2.0 Armour
 + Level 7.1 Dodging
 + Level 4.5 Stealth
 * Level 4.9 Spellcasting
 + Level 5.0 Evocations


You had 18 spell levels left.
You didn't know any spells.
Your spell library contained the following spells:

 Spells                   Type           Power      Damage    Failure   Level
 Shock                    Conj/Air       16%        1d4       19%         1
 Portal Projectile        Hex/Tloc       8%         N/A       50%         3
 Swiftness                Air            4%         N/A       50%         3
 Tukima's Dance           Hex            4%         N/A       50%         3
 Airstrike                Air            2%         2d(1-17)  88%         4
 Blade Hands              Tmut           2%         N/A       99%         5


Dungeon Overview and Level Annotations

Branches:
Dungeon (8/15)             Temple (1/1) D:6
   Lair: D:8-11

Altars:
Ashenzari
Dithmenos
Gozag
Hepliaklqana
Kikubaaqudgha
Okawaru
Sif Muna
Trog
Uskayaw
Wu Jian
Xom
Yredelemnul
Zin

Shops:
D:1 :   D:7 *

Annotations:
D:4 exclusions: downstairs and sky beast
D:5 exclusion: downstairs
D:7 exclusion: steam dragon, Maggie
D:8 2 transporters


Message History

You hit the orc.
The orc is severely wounded.
The orc hits you with a +0 flail!
There is a stone staircase leading up here.
Okay, then.
You hit the orc.
You kill the orc!
The wight barely misses you.
Things that are here:
52 gold pieces; a +0 flail; a golden potion You hit the wight but do no damage.
The wight closely misses you.
You closely miss the wight. You hit the wight but do no damage.
Your punch misses the wight. The wight barely misses you.
You hit the wight but do no damage.
The wight hits you with a +5 battleaxe of freezing!
The wight freezes you.
You barely miss the wight. You closely miss the wight.
The wight hits you with a +5 battleaxe of freezing.
You feel drained. The wight freezes you.
You closely miss the wight. You barely miss the wight.
The wight hits you with a +5 battleaxe of freezing!
The wight freezes you.
You hit the wight.
The wight is lightly damaged.
The wight hits you with a +5 battleaxe of freezing!
* * * LOW HITPOINT WARNING * * *
The wight freezes you.
* * * LOW HITPOINT WARNING * * *
You hit the wight but do no damage.
The wight is lightly damaged.
Aiming: Charm
Press: ? - help, Shift-Dir - straight line, f - wight
Aim: a wight, wielding a +5 battleaxe of freezing and wearing a +0 robe (lightly damaged, chance to affect: 62%)
The wight resists with significant effort.
The wight hits you with a +5 battleaxe of freezing!
You die...
Your body crumbles into a pile of gold.

$ #)#####..#########..####
$ #.....#.................
$ ##....#.#........##.####
###..#.#..#........#
#...#.#....###.#..#
#.#.#.#....# #.#..#
#.#.#.#....# #.#..# .
#...#.#....# #.#..#
$....##..#@#....# #.#..# $
....'..z#z.....# #....####
$
....'.#$#.#.#..###........
$....###...#.###.....######
...# #...#.....##........ $
..# #...#..## ########## ##
.......# $ ##..##.## ##..
.#


You could see a wight.

Vanquished Creatures
  An unseen horror (D:5)
  A wyvern (D:8)
  Eustachio (D:5)
  A steam dragon (D:8)
  2 water moccasins
  5 sky beasts
  2 black bears
  2 centaurs
  A phantom (D:5)
  A kobold brigand (D:8)
  4 bullfrogs
  3 scorpions
  5 killer bees (D:8)
  3 howler monkeys (D:8)
  An oklob sapling (D:6)
  A quasit (D:5)
  Crazy Yiuf (D:6)
  A gnoll bouda (D:8)
  4 orc priests (D:6)
  6 hounds
  5 iguanas
  6 orc wizards
  A gnoll (D:1)
  5 adders
  4 shadow imps
  4 white imps
  2 ufetubi (D:5)
  6 worms
  2 dart slugs
  21 orcs
  8 endoplasms
  3 giant cockroaches
  5 hobgoblins
  4 jackals
  7 quokkas
  6 ball pythons
  4 bats
  13 goblins
  10 kobolds
  6 rats
168 creatures vanquished.

Vanquished Creatures (collateral kills)
  An orc priest (D:6)
  An orc (D:8)
  An endoplasm (D:1)
  A kobold (D:1)
4 creatures vanquished.

Vanquished Creatures (others)
  A black bear (D:8)
  A jelly (D:4)
  A white imp (D:5)
  A demonic plant (D:5)
  14 plants (D:6)
18 creatures vanquished.

Grand Total: 190 creatures vanquished

Notes
Turn   | Place    | Note
-------+----------+-------------------------------------------
     0 | D:1      | H0rd4k the Human Artificer began the quest for the Orb.
     0 | D:1      | Reached XP level 1. HP: 15/15 MP: 1/1
   377 | D:1      | Reached XP level 2. HP: 21/21 MP: 2/2
   620 | D:1      | Found a faded altar of an unknown god.
   836 | D:1      | Found Otogic's Book Emporium.
   891 | D:1      | Reached XP level 3. HP: 4/26 MP: 3/3
  1582 | D:1      | Reached skill level 1 in Maces & Flails
  1971 | D:2      | Reached XP level 4. HP: 29/32 MP: 4/4
  2508 | D:3      | Found a broken altar of Ashenzari.
  2852 | D:3      | Found a shadowy altar of Dithmenos.
  3097 | D:3      | Reached skill level 1 in Short Blades
  3341 | D:4      | Noticed a sky beast
  3585 | D:4      | Reached XP level 5. HP: 24/37 MP: 5/5
  4179 | D:4      | Noticed a black bear
  4197 | D:4      | Killed a black bear
  4198 | D:4      | Reached skill level 2 in Dodging
  4198 | D:4      | Reached XP level 6. HP: 38/44 MP: 6/6
  4274 | D:4      | Identified the +0 leather armour of Autumn {+Inv}
  4674 | D:5      | Entered Level 5 of the Dungeon
  5125 | D:5      | Reached XP level 7. HP: 9/51 MP: 6/8
  5401 | D:5      | Reached skill level 1 in Spellcasting
  5416 | D:5      | Found an ancient bone altar of Kikubaaqudgha.
  5490 | D:5      | Noticed an unseen horror
  5507 | D:5      | Killed an unseen horror
  5508 | D:5      | Reached skill level 3 in Dodging
  5508 | D:5      | Reached XP level 8. HP: 14/58 MP: 9/11
  6129 | D:5      | Noticed Eustachio
  6592 | D:5      | Killed Eustachio
  6593 | D:5      | Reached skill level 5 in Short Blades
  6593 | D:5      | Reached skill level 4 in Dodging
  7100 | D:6      | Reached XP level 9. HP: 22/65 MP: 13/13
  7422 | D:6      | Reached skill level 5 in Dodging
  8262 | D:6      | Found a runed translucent door.
  8263 | D:6      | Noticed Crazy Yiuf
  8273 | D:6      | Killed Crazy Yiuf
  8798 | D:6      | Found a staircase to the Ecumenical Temple.
  8854 | Temple   | Entered the Ecumenical Temple
  9128 | Temple   | Became a worshipper of Gozag Ym Sagoz the Greedy
  9530 | D:7      | Noticed Maggie
  9547 | D:7      | Found Zin's Purification Station.
  9550 | D:7      | Found a glowing silver altar of Zin.
  9678 | D:7      | Reached skill level 6 in Dodging
 10307 | D:8      | Found a transporter.
 10308 | D:8      | Noticed a brown ugly thing
 10311 | D:8      | Found a transporter.
 10312 | D:8      | Noticed a tengu conjurer
 10312 | D:8      | Noticed a boulder beetle
 10313 | D:8      | Noticed a slime creature
 10314 | D:8      | Noticed a two-headed ogre
 10331 | D:8      | Found a basalt altar of Yredelemnul.
 10331 | D:8      | Found a shimmering blue altar of Sif Muna.
 10331 | D:8      | Found a hazy altar of Hepliaklqana.
 10374 | D:8      | Reached skill level 5 in Fighting
 10374 | D:8      | Reached XP level 10. HP: 45/74 MP: 16/16
 11033 | D:8      | HP: 3/73 [poisoned by a water moccasin]
 11395 | D:8      | Reached skill level 7 in Dodging
 11404 | D:8      | Reached skill level 5 in Evocations
 11497 | D:8      | Slain by a wight

Illustrated notes

Levels and vault maps discovered:
D:1:      evilmike_arrival_rings, layout_basic, basic_ecumenical_altar,
          serial_shops, shop
D:2:      layout_rooms, minmay_tromino_v2
D:3:      layout_basic, nicolae_ashenzari_panopticon,
          mainiacjoe_overflow_alcove_2
D:4:      layout_gridville, minmay_pentangle
D:5:      layout_basic, serial_demonic, serial_demonic_b, serial_demonic_g,
          serial_demonic_d, serial_demonic_e, interstate_on_off,
          minmay_ruined_shrine, uniq_eustachio
D:6:      layout_cave_pools, minmay_temple_entry_oklob, uniq_crazy_yiuf_cottage
D:7:      layout_cave_pools, zin_purify, hangedman_decor_slide_cut,
          minmay_misc_feat_tower, uniq_maggie
D:8:      minmay_polygon_palace, layout_basic, gammafunk_temple_overflow_arena,
          uniq_gastronok
Temple:   nicolae_temple_figure_eight

Skill      XL: |  1  2  3  4  5  6  7  8  9 10 |
---------------+-------------------------------+-----
Maces & Flails | 1 |  1.3
Evocations     | 4 5 |  5.0
Short Blades   | 1 2 3 4 5 6 |  6.9
Stealth        | 2 3 4 |  4.5
Fighting       | 2 3 5 |  5.5
Dodging        | 2 3 4 6 7 |  7.1
Spellcasting   | 2 3 4 |  4.9
Throwing       | |  0.6
Armour         | |  2.0

Action                   |  1- 3 |  4- 6 |  7- 9 | 10-12 || total
-------------------------+-------+-------+-------+-------++-------
Melee: Club              |    90 |       |       |       ||    90
       Dagger            |    39 |   241 |   437 |   136 ||   853
       Punch             |       |     1 |     2 |     1 ||     4
Throw: Dart              |       |       |     3 |       ||     3
Evoke: Wand              |     3 |     3 |    16 |     5 ||    27
  Use: Potion            |       |       |     3 |       ||     3
 Stab: Sleeping          |     2 |     4 |     1 |       ||     7
       Distracted        |       |       |       |     1 ||     1
Armor: Leather armour    |    61 |    85 |   161 |    15 ||   322
Dodge: Dodged            |    94 |    84 |   301 |    51 ||   530
